 Dungeon Crawl Stone Soup version 0.31-a0-1-g4198be8af4 (webtiles) character file.

Game seed: 3396291826935281361

6 themarg the Caller (level 1, 0/13 HPs)
             Began as a Merfolk Summoner on May 2, 2023.
             Slain by a hobgoblin (5 damage)
             ... on level 1 of the Dungeon.
             The game lasted 00:00:55 (251 turns).

themarg the Caller (Merfolk Summoner)                Turns: 251, Time: 00:00:55

Health: 0/13       AC:  2    Str:  8    XL:     1   Next: 90%
Magic:  1/3        EV: 12    Int: 14    God:
Gold:   26         SH:  0    Dex: 14    Spells: 3/4 levels left

rFire   . . .        h - +0 dagger
rCold   . . .        (no shield)
rNeg    . . .        a - +0 robe
rPois   .            (no helmet)
rElec   .            (no cloak)
rCorr   .            (no gloves)
SInv    .            (no boots)
Will    .....        (no amulet)
Stlth   ++           (no ring)
HPRegen 0.22/turn    (no ring)
MPRegen 0.08/turn

%: no passive effects
@: no status effects
A: (nimble swimmer 2), mertail
a: no special abilities


You were on level 1 of the Dungeon.
You visited 1 branch of the dungeon, and saw 1 of its levels.

You collected 26 gold pieces.

Inventory:

Hand Weapons
 h - a +0 dagger (weapon)
Armour
 a - a +0 robe (worn)
Scrolls
 e - a scroll of immolation {unknown}
 f - a scroll of enchant armour {unknown}
Potions
 b - a potion of magic
 c - a potion of flight {unknown}
 d - a potion of brilliance {unknown}
 g - a potion of cancellation {unknown}


   Skills:
 - Level 2.6 Dodging
 - Level 2.1 Stealth
 - Level 2.0 Spellcasting
 + Level 4.3 Summonings


You had 3 spell levels left.
You knew the following spells:

 Your Spells              Type           Power      Damage    Failure   Level
a - Summon Small Mammal   Summ           52%        N/A       4%          1

Your spell library contained the following spells:

 Spells                   Type           Power      Damage    Failure   Level
 Call Imp                 Summ           26%        N/A       6%          2
 Call Canine Familiar     Summ           13%        N/A       12%         3
 Summon Guardian Golem    Hex/Summ       7%         N/A       28%         3
 Summon Lightning Spire   Summ/Air       7%         N/A       67%         4


Dungeon Overview and Level Annotations

Branches:
Dungeon (1/15)

Altars:


Innate Abilities, Weirdness & Mutations

((You are very nimble when in or above water. (Stealth+, EV+, Speed+++)))
Your lower body shifts to a powerful aquatic tail in water.


Message History

The ball python constricts your bat.
Your bat struggles to escape constriction.
Your bat barely misses the ball python.
Your bat hits the ball python.
Your bat struggles to escape constriction.
The ball python loses its grip on your bat.
You barely miss the ball python.
The ball python is moderately wounded.
Your bat hits the ball python. x2
The ball python dies!
Your bat disappears in a puff of smoke!
Your bat disappears in a puff of smoke!
g - a smoky green potion
Found a dagger.
You now have 26 gold pieces (gained 6).
You see here a +0 dagger.
h - a +0 dagger
h - a +0 dagger (weapon)
A hobgoblin comes into view.
Found a stone staircase leading down.
The hobgoblin shouts!
Your rat disappears in a puff of smoke!
Your rat disappears in a puff of smoke!
The hobgoblin hits you but does no damage.
You hit the hobgoblin but do no damage. The hobgoblin hits you.
The hobgoblin barely misses you. The hobgoblin hits you.
You closely miss the hobgoblin.
Your bat hits the hobgoblin but does no damage.
The hobgoblin closely misses you. The hobgoblin attacks as you move away!
The hobgoblin closely misses you.
Found 12 gold pieces.
Your bat hits the hobgoblin but does no damage. x2
Your bat hits the hobgoblin. You barely miss the hobgoblin.
The hobgoblin is moderately wounded.
Your bat closely misses the hobgoblin.
Your quokka bites the hobgoblin but does no damage.
The hobgoblin hits you.
You die...

........# .......#
....####.. . .......#
......#... ..
......+..........#. ....
#.....#........8...
.....##................#.
.....#....# ..........###
........@###...##......#.
....>.rg.............8...
......b................#.
#..#....:.............###
#$ #.###...............#.
#. ##............8... #
####.......#......#.
#..........#......#.
.....#.......#########.


You could see a hobgoblin (ally target), a friendly quokka (summoned) and a
friendly bat (summoned).

Vanquished Creatures
  A bat (D:1)
  An endoplasm (D:1)
2 creatures vanquished.

Vanquished Creatures (collateral kills)
  A bat (D:1)
  A giant cockroach (D:1)
  A ball python (D:1)
3 creatures vanquished.

Grand Total: 5 creatures vanquished

Notes
Turn   | Place    | Note
-------+----------+-------------------------------------------
     0 | D:1      | themarg the Merfolk Summoner began the quest for the Orb.
     0 | D:1      | Reached XP level 1. HP: 13/13 MP: 3/3
   251 | D:1      | Slain by a hobgoblin

Illustrated notes

Levels and vault maps discovered:
D:1:      lemuel_arrival_lava_pool, layout_basic, minmay_misc_feat_four_crosses,
          solitary_fountain

Action                     || total
---------------------------++-------
  Melee: Unarmed           ||     7
         Dagger            ||     3
   Cast: Summon Small Mamm ||    13
 Armour: Robe              ||     5
  Dodge: Dodged            ||    14

Table legend: (Time is in decaauts)
 A = Elapsed time spent in this place.
 B = Non-inter-level travel time spent in this place.
 C = Inter-level travel time spent in this place.
 D = Time resting spent in this place.
 E = Time spent auto-exploring this place.
 F = Levels seen in this place.
 G = Mean time per level.
                   A        B        C        D        E       F      G
               +--------+--------+--------+--------+--------+-----+--------+
         Total |    250 |    250 |      0 |      0 |    170 |   1 |  250.0 |
       Dungeon |    250 |    250 |      0 |      0 |    170 |   1 |  250.0 |
               +--------+--------+--------+--------+--------+-----+--------+

Top non-repeatable levels by time:
     D:1: 250 daAuts
